 Dungeon Crawl Stone Soup version 0.22-a0-322-g60b3cfd (webtiles) character file.

129 Amnesiac the Gusty (level 5, -2/28 HPs)
             Began as a Tengu Air Elementalist on Apr 2, 2018.
             Killed from afar by Sigmund (10 damage)
             ... with a puff of flame
             ... on level 3 of the Dungeon.
             The game lasted 00:02:50 (2023 turns).

Amnesiac the Gusty (Tengu Air Elementalist)         Turns: 2023, Time: 00:02:50

Health: -2/28      AC:  2    Str:  9    XL:     5   Next: 12%
Magic:  5/10       EV: 12    Int: 16    God:
Gold:   68         SH:  0    Dex: 14    Spells: 3/10 levels left

rFire    . . .     SeeInvis .   g - staff of energy
rCold    . . .     Gourm    .   (no shield)
rNeg     . . .     Faith    .   a - +0 robe
rPois    .         Spirit   .   (helmet restricted)
rElec    .         Reflect  .   (no cloak)
rCorr    .         Harm     .   (no gloves)
MR       .....                  (boots unavailable)
Stlth    ++........             (no amulet)
HPRegen  0.09/turn              (no ring)
MPRegen  0.12/turn              (no ring)

@: very slightly contaminated
A: beak, talons 3, able to fly 1
a: Fly


You were on level 3 of the Dungeon.
You were very hungry.

You visited 1 branch of the dungeon, and saw 3 of its levels.

You collected 68 gold pieces.

Inventory:

Armour
 a - a +0 robe (worn)
Magical Staves
 g - an uncursed staff of energy (weapon)
Wands
 i - a wand of polymorph (18)
Scrolls
 f - 2 scrolls of enchant armour {!r, unknown}
 h - 3 scrolls of teleportation {!r, unknown}
Potions
 b - a potion of lignification {!q, unknown}
 d - a potion of mutation {!q, unknown}
 e - 2 potions of curing {!q, unknown}
Comestibles
 c - 5 rations


   Skills:
 - Level 2.1 Dodging
 - Level 2.0 Stealth
 + Level 3.1 Spellcasting
 - Level 1.3 Conjurations
 * Level 6.5 Air Magic


You had 3 spell levels left.
You knew the following spells:

 Your Spells              Type           Power        Failure   Level  Hunger
a - Shock                 Conj/Air       ###.         3%          1    None
d - Airstrike             Air            ###.......   12%         4    None
z - Swiftness             Chrm/Air       ##......     7%          2    None


Dungeon Overview and Level Annotations

Branches:
Dungeon (3/15)

Altars:

Annotations:
D:3 Sigmund


Innate Abilities, Weirdness & Mutations

You have a beak for a mouth.
You have claws for feet.
You can fly.


Message History

Press: ? - help, Shift-Dir - straight line, f - bat
Aim: a bat (resting)
The zap hits the bat.
You kill the bat!
You hear a shout!
A bat comes into view.
Casting: Shock (safe; 3% risk of failure)
Confirm with . or Enter, or press ? or * to list all spells.
Aiming: Shock (safe; 3% risk of failure)
Press: ? - help, Shift-Dir - straight line, f - bat
Aim: a bat The zap hits the bat.
You kill the bat!
Sigmund the Dreaded comes into view.
He is wielding a scythe.
Sigmund moves out of view.
Sigmund gestures at you while chanting. You resist with some effort.
You start resting.
Casting: Shock (safe; 3% risk of failure)
Confirm with . or Enter, or press ? or * to list all spells.
Aiming: Shock (safe; 3% risk of failure)
Press: ? - help, Shift-Dir - straight line The zap hits Sigmund.
Sigmund is lightly wounded.
The zap hits Sigmund.
Sigmund is lightly wounded.
Unknown command.
Casting: Shock (safe; 3% risk of failure)
Confirm with . or Enter, or press ? or * to list all spells.
Aiming: Shock (safe; 3% risk of failure)
Press: ? - help, Shift-Dir - straight line The zap hits Sigmund.
Sigmund is moderately wounded.
The zap hits Sigmund.
Sigmund is heavily wounded.
Sigmund hits you from afar with a scythe.
Casting: Shock (safe; 3% risk of failure)
Confirm with . or Enter, or press ? or * to list all spells.
Aiming: Shock (safe; 3% risk of failure)
Press: ? - help, Shift-Dir - straight line The zap hits Sigmund.
Sigmund is heavily wounded.
The zap hits Sigmund.
Sigmund is severely wounded.
Unknown command.
Casting: Shock (safe; 3% risk of failure)
Confirm with . or Enter, or press ? or * to list all spells.
Aiming: Shock (safe; 3% risk of failure)
Press: ? - help, Shift-Dir - straight line The zap misses Sigmund.
The zap hits Sigmund.
Sigmund is severely wounded.
Sigmund hits you from afar with a scythe!
* * * LOW HITPOINT WARNING * * *
Unknown command.
Casting: Shock (safe; 3% risk of failure)
Confirm with . or Enter, or press ? or * to list all spells.
Aiming: Shock (safe; 3% risk of failure)
Press: ? - help, Shift-Dir - straight line You miscast Shock.
You are very lightly contaminated with residual magic.
Nothing appears to happen.
Sigmund points at you and mumbles some strange words.
The puff of flame hits you!
You die...

#># #...# ###. #.#
#...# #... #.#
##.####.#. #.#
###........ #.#
#.......... #.#
#.#..###... #.###.#..#
#### #######.....#<.#
# #.@.@.......#..# #
#.####..###.#..#
#.#...#...#.#..# ####
#.#.#...........
.....##...#.#####.....
........##..#.†.#.....
####.##.....@# #.#.. #
###..[#...# #...#####


You could see Sigmund.

Vanquished Creatures
  Terence (D:2)
  2 gnolls (D:2)
  2 adders (D:2)
  2 worms
  3 dart slugs (D:1)
  A leopard gecko (D:3)
  2 giant cockroaches
  7 goblins
  2 hobgoblins
  8 jackals
  A quokka (D:3)
  A ball python (D:1)
  5 bats
  4 frilled lizards
  7 kobolds
  7 rats
55 creatures vanquished.

Vanquished Creatures (others)
  A gnoll (D:2)
  A hobgoblin (D:2)
2 creatures vanquished.

Grand Total: 57 creatures vanquished

Notes
Turn   | Place    | Note
-------+----------+-------------------------------------------
     0 | D:1      | Amnesiac the Tengu Air Elementalist began the quest for the Orb.
     0 | D:1      | Reached XP level 1. HP: 10/10 MP: 4/4
   130 | D:1      | Reached XP level 2. HP: 15/15 MP: 1/6
   367 | D:1      | Learned a level 2 spell: Swiftness
   498 | D:1      | Reached skill level 5 in Air Magic
   536 | D:1      | Reached XP level 3. HP: 19/19 MP: 4/7
  1354 | D:2      | Noticed Terence
  1438 | D:2      | Killed Terence
  1438 | D:2      | Reached XP level 4. HP: 6/24 MP: 0/9
  1445 | D:2      | Learned a level 4 spell: Airstrike
  1458 | D:2      | Reached skill level 6 in Air Magic
  1836 | D:2      | Gained mutation: You can fly. [Tengu growth]
  1836 | D:2      | Reached XP level 5. HP: 28/28 MP: 0/10
  2007 | D:3      | Noticed Sigmund
  2023 | D:3      | Killed from afar by Sigmund

Vault maps used:
D:1:      dpeg_arrival_rhombi
D:2:      first_ration, lemuel_flame_loot_1, uniq_terence
D:3:      minmay_distorted, uniq_jessica, uniq_sigmund

Skill      XL: |  1  2  3  4 |
---------------+-------------+-----
Air Magic      | 5 6 |  6.5
Spellcasting   | 3 |  3.1
Dodging        | |  2.1
Stealth        | |  2.0
Conjurations   | |  1.3

Action                   |  1- 3 |  4- 6 || total
-------------------------+-------+-------++-------
Melee: Unarmed           |    10 |     4 ||    14
       Kick              |     2 |       ||     2
       Peck              |     1 |       ||     1
 Cast: Shock             |    88 |    47 ||   135
  Eat: Chunk             |     2 |     1 ||     3
Armor: Robe              |     4 |     2 ||     6
Dodge: Dodged            |    28 |    10 ||    38

Table legend:
 A = Spawn XP
 B = Non-spawn XP
 C = Spawn XP percentage of total XP
 D = Spawn monster count
 E = Non-spawn monster count
 F = Spawn count percentage of total count
 G = Total turns spent on level
                    A         B        C        D         E        F      G
               +---------+---------+-------+---------+---------+-------+---------
         Total |       0 |     185 |   0.0 |       0 |      55 |   0.0 |  2023
               +---------+---------+-------+---------+---------+-------+---------
           D:1 |       0 |      49 |   0.0 |       0 |      26 |   0.0 |   879
           D:2 |       0 |     123 |   0.0 |       0 |      24 |   0.0 |  1007
           D:3 |       0 |      13 |   0.0 |       0 |       5 |   0.0 |   137
               +---------+---------+-------+---------+---------+-------+---------
